Map: Berlingrad LE

Players

RustyShacky - Winner!

  • Race: Terran Terran
  • League: Gold

A.I. 1 (Very Easy)

  • Race: Protoss Protoss

VOD

Have the link to the VOD?

Description

Time

  • Played on: Oct. 30, 2021, 8:17 a.m.
  • Length: 10:19
Show
View Real Time Build Order
Export as new Build Order

RustyShacky Terran - Winner!

Build Orders:  

Get SALT Encoding   

  12  0:00  SCV  
  13  0:12  SCV  
  14  0:17  Supply Depot  
  14  0:24  SCV  
  15  0:38  SCV  
  15  0:41  Barracks  
  16  0:44  Refinery  
  16  0:51  SCV  
  17  1:03  SCV  
  18  1:16  SCV  
  19  1:28  Marine  
  19  1:29  Orbital Command  
  20  1:41  Command Center  
  20  1:47  Barracks Reactor  
  20  1:54  SCV  
  20  1:57  Supply Depot  
  21  2:06  SCV  
  22  2:14  Factory  
  22  2:19  SCV  
  23  2:23  Marine  
  23  2:24  Marine  
  23  2:26  Bunker  
  25  2:31  SCV  
  25  2:32  Refinery  
  26  2:43  SCV  
  27  2:53  Orbital Command  
  27  2:55  SCV  
  27  2:57  Factory Tech Lab  
  28  2:59  Starport  
  28  3:07  SCV  
  29  3:19  Siege Tank  
  33  3:20  SCV  
  33  3:23  SCV  
  34  3:32  SCV  
  35  3:35  Supply Depot, SCV  
  36  3:41  Viking  
  36  3:44  SCV, Marine x2  
  36  3:48  SCV  
  42  3:55  Siege Tank  
  45  3:56  SCV  
  45  3:58  Supply Depot  
  45  4:00  SCV  
  45  4:02  Barracks  
  47  4:04  Barracks  
  47  4:10  SCV  
  47  4:12  Marine x2  
  47  4:14  Starport Tech Lab  
  47  4:16  SCV  
  51  4:22  SCV, Engineering Bay  
  52  4:27  Siege Tank  
  55  4:38  SCV  
  55  4:39  SCV  
  55  4:44  Refinery, Starport Reactor  
  57  4:47  Supply Depot  
  57  4:51  SCV x2  
  59  4:58  Terran Infantry Weapons Level 1  
  59  5:06  SCV x2  
  61  5:09  Factory Tech Lab  
  61  5:12  Refinery  
  61  5:14  Supply Depot  
  61  5:18  SCV x2  
  61  5:20  Stimpack  
  63  5:30  SCV x2, Marauder x2  
  63  5:34  Combat Shield  
  69  5:42  SCV x2  
  71  5:50  Barracks  
  71  5:51  Command Center, Marine x2, Barracks  
  71  5:52  Marine  
  71  5:53  Siege Tank  
  71  5:54  SCV  
  78  5:59  Supply Depot  
  78  6:12  Supply Depot  
  78  6:14  Supply Depot  
  78  6:20  Marine x2, SCV x2, Medivac x2  
  86  6:28  Supply Depot  
  86  6:32  Marine x2  
  86  6:33  SCV x2, Siege Tank  
  86  6:39  Marine x2  
  95  6:45  SCV x2  
  97  6:50  Marine x2, Viking x2  
  97  6:51  Barracks Tech Lab x2  
  103  6:56  Terran Infantry Armor Level 1  
  103  6:57  Marine x2  
  105  7:05  Siege Tank  
  105  7:07  SCV x2  
  105  7:08  Marine x2  
  110  7:14  Marine  
  110  7:15  Supply Depot, Marine  
  114  7:17  Supply Depot  
  114  7:19  SCV x2  
  114  7:20  Supply Depot  
  114  7:21  Concussive Shells  
  116  7:25  Orbital Command  
  116  7:26  Marine x2  
  118  7:31  SCV, Marauder  
  118  7:32  Marine, Marauder  
  118  7:33  Marine  
  118  7:34  Medivac x2  
  129  7:37  Siege Tank  
  129  7:44  Marine x2  
  132  7:50  Marine x2  
  136  7:52  Marine  
  136  7:55  Marauder  
  139  7:59  SCV x3  
  139  8:02  Marauder x2  
  139  8:04  Refinery  
  139  8:05  Refinery  
  146  8:08  Marine x2, Medivac x2  
  146  8:11  SCV x2, Marauder  
  156  8:15  Engineering Bay  
  156  8:16  Armory  
  156  8:18  Supply Depot  
  156  8:20  Supply Depot  
  156  8:23  Supply Depot, Marine  
  157  8:36  Marine, SCV x3  
  157  8:37  Marauder  
  163  8:48  SCV x2  
  163  8:49  SCV  
  163  8:52  Command Center  
  163  8:53  Medivac, Siege Tank  
  163  8:54  Medivac  
  163  8:55  Marine, Marauder x3  
  179  8:58  Marauder  
  182  9:11  SCV x2  
  182  9:16  Marauder x2  
  188  9:17  SCV  
  189  9:24  Marine x2  
  189  9:25  SCV, Marauder x2  
  196  9:33  Medivac x2  
  196  9:35  Supply Depot x2  
Show
View Real Time Build Order
Export as new Build Order

A.I. 1 (Very Easy) Protoss 

Build Orders:  

Get SALT Encoding   

  12  0:00  Probe  
  13  0:13  Probe  
  14  0:19  Pylon  
  14  0:37  Assimilator  
  14  0:42  Gateway  
  14  0:46  Pylon  
  14  1:13  Assimilator  
  14  1:22  Probe  
  14  1:30  Probe  
  14  1:32  Cybernetics Core, Zealot  
  17  1:38  Probe  
  19  1:48  Probe  
  20  1:58  Warp Gate  
  20  1:59  Probe  
  21  2:07  Probe  
  22  2:44  Stalker  
  24  7:10  Probe  
  25  7:16  Adept  
  25  7:17  Pylon  
  25  7:18  Probe  
  25  7:20  Robotics Facility  
  27  7:22  Nexus  
  27  7:29  Probe  
  25  8:03  Observer  
  26  8:13  Zealot  
  26  8:17  Observer  
  29  8:35  Probe  
  29  8:40  Probe  
  30  8:45  Assimilator  
  31  8:49  Assimilator  
  31  8:50  Probe  
  31  8:53  Probe  
  33  9:04  Probe  
  33  9:09  Stalker  
  36  9:10  Observer  
  36  9:12  Probe  
  33  9:19  Probe  
  34  9:24  Probe  
  35  9:31  Probe  
  35  9:36  Probe  
  35  9:38  Stalker  
  38  9:43  Probe  
  39  9:46  Pylon  
  23  9:54  Probe  
  23  9:59  Pylon  
Tags
 
Add a new tag
Caveats
  • Supply blocks, unpowered buildings, or Contaminate may cause inaccurate times.
  • Supply counts are checked every 10 seconds.